 Dungeon Crawl Stone Soup version 0.27.1-3-gb3d3a73c9e (webtiles) character file.

Game seed: 17101054141000340444

1 belegose the Skirmisher (level 1, -2/19 HPs)
             Began as a Draconian Abyssal Knight on Oct 5, 2021.
             Was an Initiate of Lugonu.
             Succumbed to a kobold's poison
             ... on level 1 of the Dungeon.
             The game lasted 00:00:59 (280 turns).

belegose the Skirmisher (Draconian Abyssal Knight)   Turns: 280, Time: 00:01:00

Health: -2/19      AC:  5    Str: 14    XL:     1   Next: 16%
Magic:  2/2        EV: 11    Int: 12    God:    Lugonu [......]
Gold:   10         SH:  3    Dex: 10    Spells: 0/0 levels left

rFire    . . .     SeeInvis .   a - +1 falchion
rCold    . . .     Faith    .   c - +0 buckler
rNeg     . . .     Spirit   .   (armour unavailable)
rPois    .         Reflect  .   (helmet restricted)
rElec    .         Harm     .   b - +0 cloak
rCorr    .         Rampage  .   (no gloves)
Will     .....                  (no boots)
Stlth    +.........             (no amulet)
HPRegen  0.06/turn              (no ring)
MPRegen  0.08/turn              (no ring)

@: lethally poisoned (-2 -> -30)
A: AC +4, unfitting armour, cold-blooded
a: Renounce Religion


You were on level 1 of the Dungeon.
You worshipped Lugonu.
Lugonu was noncommittal.
You visited 1 branch of the dungeon, and saw 1 of its levels.
You visited the Abyss 1 time.

You collected 10 gold pieces.

Inventory:

Hand Weapons
 a - a +1 falchion (weapon)
Armour
 b - a +0 cloak (worn)
 c - a +0 buckler (worn)


   Skills:
 + Level 3.3 Fighting
 + Level 2.0 Long Blades
 + Level 2.1 Dodging
 + Level 0.0 Shields
 + Level 2.0 Invocations


You couldn't memorise any spells.
You didn't know any spells.
Your spell library was empty.

Dungeon Overview and Level Annotations

Branches:
Dungeon (1/15)

Altars:


Innate Abilities, Weirdness & Mutations

Your plain brown scales are hard. (AC +4)
You cannot fit into any form of body armour.
You are cold-blooded and may be slowed by cold attacks.


Message History

The endoplasm moves out of view.
The endoplasm freezes you.
You are frozen.
You feel yourself slow down.
You barely miss the endoplasm. You block the endoplasm's attack.
The endoplasm freezes you.
You are frozen.
You hit the endoplasm. You tail-slap the endoplasm.
The endoplasm is severely wounded.
The endoplasm freezes you.
You are frozen.
The endoplasm jiggles.
The endoplasm hits you but does no damage.
You hit the endoplasm.
You kill the endoplasm!
Lugonu accepts your kill.
You feel yourself speed up.
HP restored.
You open the door. 2 kobolds come into view.
A kobold is wielding a +1 short sword of venom.
The kobold shouts!
You hear a shout!
The kobold throws a stone.
The stone hits you.
A goblin comes into view. It is wielding a +0 club.
You close the door.
A kobold opens the door.
Your shield prevents you from hitting the kobold.
The kobold hits you with a +1 short sword of venom.
You are poisoned.
The kobold hits you with a +1 short sword of venom.
You are lethally poisoned!
Unknown command.
You closely miss the kobold.
You feel very sick.
The kobold hits you with a +1 short sword of venom.
* * * LOW HITPOINT WARNING * * *
You are more poisoned.
You hit the kobold.
You kill the kobold!
Lugonu accepts your kill.
You die...

#+ #.# ... #.# ....
###.## .....
##....##
......####......#
...K.g)@........#
......####...##.###
..... #........#
.... #..###...# ...
#..# #...# #+#
#..###...# #.#
#..##....# #.#
#..##.#..#
#######.######
#........#


You could see a goblin and a kobold.

Vanquished Creatures
  An endoplasm (D:1)
  A kobold (D:1)
2 creatures vanquished.

Notes
Turn   | Place    | Note
-------+----------+-------------------------------------------
     0 | Abyss:1  | belegose the Draconian Abyssal Knight began the quest for
                  | the Orb.
     0 | Abyss:1  | Reached XP level 1. HP: 19/19 MP: 2/2
    41 | Abyss:1  | Noticed a thrashing horror
    96 | Abyss:1  | Noticed a large abomination
    97 | D:1      | Escaped the Abyss
   280 | D:1      | Succumbed to a kobold's poison

Illustrated notes

Levels and vault maps discovered:
D:1:      saegor_arrival_simple_b, layout_loops_corners,
          ebering_ecumenical_altar_abandoned

Action                   || total
-------------------------++-------
Melee: Falchion          ||     6
       Tailslap          ||     1
Invok: Depart the Abyss  ||     1
Armor: Skin              ||     1
Block: Buckler           ||     1
